 Dungeon Crawl Stone Soup version 0.25.0-9-g26727b657a (webtiles) character file.

Game seed: 1208601897338239866

1028 MordorOrchid the Grave Robber (level 8, -2/60 (61) HPs)
             Began as a Ghoul Necromancer on June 19, 2020.
             Was an Initiate of Cheibriados.
             Shot with an arrow by a centaur (18 damage)
             ... on level 5 of the Dungeon.
             The game lasted 00:25:20 (4393 turns).

MordorOrchid the Grave Robber (Ghoul Necromancer)   Turns: 4393, Time: 00:25:20

HP:   -2/60 (61)    AC:  2    Str: 13    XL:     8   Next: 23%
MP:   14/14         EV: 14    Int: 13    God:    Cheibriados [......]
Gold: 175           SH:  0    Dex: 18    Spells: 8/17 levels left

rFire    . . .     SeeInvis .     - Unarmed
rCold    + . .     Gourm    .   (no shield)
rNeg     + + +     Faith    .   a - +0 robe
rPois    ∞         Spirit   .   (no helmet)
rElec    .         Reflect  .   (no cloak)
rCorr    .         Harm     .   (no gloves)
MR       ++...                  (no boots)
Stlth    ++........             i - amulet of magic regeneration
HPRegen  0.00/turn              D - ring of protection from magic
MPRegen  0.39/turn              r - ring "Qex Selu" {*Drain rPois MR+ Dex+8}

@: rotting, slow
A: rotting body, claws 1, carnivore, cold resistance 1, negative energy
resistance 3, inhibited regeneration, torment resistance, unbreathing
a: Bend Time, Renounce Religion


You were on level 5 of the Dungeon.
You worshipped Cheibriados.
Cheibriados was noncommittal.
You were not hungry.

You visited 2 branches of the dungeon, and saw 6 of its levels.

You collected 175 gold pieces.

Inventory:

Hand Weapons
 e - a +0 dagger
 j - a +0 hunting sling
Missiles
 d - 143 stones
 l - 62 arrows
 o - a throwing net
 u - 4 javelins
 x - 6 poisoned darts (quivered)
 F - 39 sling bullets
 G - 48 bolts
Armour
 a - a +0 robe (worn)
 I - a +0 ring mail
Jewellery
 i - an amulet of magic regeneration (around neck)
 r - the ring "Qex Selu" (right claw) {*Drain rPois MR+ Dex+8}
   (You found it on level 5 of the Dungeon)

   [ring of protection from magic]

   It affects your dexterity (+8).
   It protects you from poison.
   It affects your resistance to hostile enchantments.
   It causes draining when unequipped.
 D - a ring of protection from magic (left claw)
Scrolls
 b - a scroll of teleportation
 h - 2 scrolls of remove curse
 m - a scroll of immolation {unknown}
 n - a scroll of noise {unknown}
 q - a scroll of amnesia {unknown}
 s - a scroll of enchant armour {unknown}
 v - a scroll of magic mapping {unknown}
 w - 2 scrolls of blinking {unknown}
 B - a scroll of enchant weapon {unknown}
 E - a scroll of fog {unknown}
Potions
 f - 4 potions of might
 g - 2 potions of lignification {unknown}
 k - 2 potions of heal wounds
 p - a potion of invisibility {unknown}
 t - a potion of haste {unknown}
 z - a potion of mutation {unknown}
 A - a potion of flight {unknown}
 H - a potion of curing {unknown}
Comestibles
 c - 5 rations


   Skills:
 - Level 2.0 Fighting
 * Level 1.0 Armour
 * Level 3.3 Dodging
 - Level 3.0 Stealth
 * Level 2.5 Unarmed Combat
 + Level 5.3 Spellcasting
 + Level 6.0 Necromancy
 * Level 1.3 Invocations


You had 8 spell levels left.
You knew the following spells:

 Your Spells              Type           Power        Failure   Level  Hunger
a - Pain                  Necr           ###.         1%          1    None
u - Animate Skeleton      Necr           N/A          1%          1    None
v - Vampiric Draining     Necr           ###.......   4%          3    ###....
U - Animate Dead          Necr           N/A          16%         4    ####...

Your spell library contained the following spells:

 Spells                   Type           Power        Failure   Level  Hunger
 Corona                   Hex            #......      19%         1    None
 Ensorcelled Hibernation  Hex/Ice        #.....       28%         2    ##.....
 Agony                    Necr           ###.....     38%         5    ######.
 Confusing Touch          Hex            #.......     50%         3    ###....
 Dazzling Flash           Conj/Hex       #.....       50%         3    ###....
 Tukima's Dance           Hex            #.......     50%         3    ###....


Dungeon Overview and Level Annotations

Branches:
Dungeon (5/15)             Temple (1/1) D:4

Altars:
Ashenzari
Cheibriados
Dithmenos
Elyvilon
Fedhas
Hepliaklqana
Kikubaaqudgha
Makhleb
Nemelex Xobeh
Okawaru
Qazlal
Ru
Sif Muna
Trog
Uskayaw
Vehumet
Xom
Yredelemnul
Zin


Innate Abilities, Weirdness & Mutations

Your body is rotting away.
You thrive on raw meat.
You are immune to poison.
You have sharp fingernails.
You are carnivorous and can eat meat at any time.
Your flesh is cold resistant. (rC+)
You are immune to negative energy. (rN+++)
You do not regenerate when monsters are visible.
You are immune to unholy pain and torment.
You can survive without breathing.


Message History

Casting: Vampiric Draining (dangerous; 4% risk of failure)
Confirm with . or Enter, or press ? or * to list all spells.
Aiming: Vampiric Draining (dangerous; 4% risk of failure)
Press: ? - help, Shift-Dir - straight line, f - sky beast
Aim: a sky beast (severely wounded)
You kill the sky beast!
Cheibriados thoroughly appreciates the change of pace.
Your Armour skill increases to level 1!
Your Necromancy skill increases to level 6!
You feel life coursing into your body.
Okay, then.
x - 4 poisoned darts (gained 1)
x - 5 poisoned darts (gained 1)
x - 6 poisoned darts (gained 1)
A howler monkey comes into view.
A centaur comes into view. It is wielding a +0 whip.
The centaur shouts!
The centaur unwields a +0 whip.
The centaur wields a +0 shortbow.
The centaur shoots an arrow.
The arrow hits you!!
You die...

# .c.........##
.h..........#
............#
............#
#...........
#.........#
#.......(##.#
#.....@≈.# ..#
##...^..≈# #.###
###.......###...##
#.........##.....##
#..........#.......#
#.................##
#....#.............###
#...###...........#..##
#..#
#...........##..###


You could see a centaur and a howler monkey (wandering).

Vanquished Creatures
  A sky beast (D:5)
  A centaur (D:5)
  2 ogres
  A big kobold (D:4)
  Blork the orc (D:4)
  A hound (D:3)
  A jelly (D:5)
  An orc priest (D:4)
  4 orc wizards
  Natasha (twice) (D:3)
  2 worker ants
  A hound skeleton (D:5)
  4 gnolls (D:2)
  7 adders
  An ooze (D:1)
  2 worms (D:3)
  4 dart slugs
  5 leopard geckos (D:1)
  9 orcs
  2 ball pythons
  10 bats
  4 giant cockroaches
  8 goblins
  4 hobgoblins
  9 jackals
  A quokka (D:2)
  2 frilled lizards (D:1)
  27 kobolds
  5 rats
122 creatures vanquished.

Vanquished Creatures (collateral kills)
  A howler monkey skeleton (D:4)
  A leopard gecko (D:4)
  2 orcs (D:4)
  2 kobolds (D:4)
  A leopard gecko skeleton (D:4)
  2 rats (D:3)
9 creatures vanquished.

Grand Total: 131 creatures vanquished

Notes
Turn   | Place    | Note
-------+----------+-------------------------------------------
     0 | D:1      | MordorOrchid the Ghoul Necromancer began the quest for the
                  | Orb.
     0 | D:1      | Reached XP level 1. HP: 14/14 MP: 2/2
   284 | D:1      | Reached XP level 2. HP: 20/20 MP: 1/3
   660 | D:1      | Learned a level 1 spell: Animate Skeleton
   743 | D:1      | Reached XP level 3. HP: 24/27 MP: 0/5
   771 | D:1      | Learned a level 3 spell: Vampiric Draining
  1195 | D:2      | Reached skill level 1 in Fighting
  1195 | D:2      | Reached XP level 4. HP: 35/35 MP: 2/6
  1233 | D:2      | Reached skill level 1 in Unarmed Combat
  1375 | D:2      | Found a shimmering altar of Xom.
  1516 | D:2      | Reached XP level 5. HP: 40/40 MP: 4/8
  1913 | D:2      | Learned a level 4 spell: Animate Dead
  1938 | D:3      | Noticed Natasha
  2125 | D:3      | Reached XP level 6. HP: 46/48 MP: 3/9
  2294 | D:3      | Killed Natasha
  2681 | D:4      | Reached skill level 5 in Necromancy
  2944 | D:3      | Noticed Natasha
  2949 | D:3      | Killed Natasha
  2969 | D:3      | Reached XP level 7. HP: 40/55 MP: 4/12
  3177 | D:4      | Noticed Blork the orc
  3218 | D:4      | Killed Blork the orc
  3739 | D:4      | Found a staircase to the Ecumenical Temple.
  3805 | Temple   | Entered the Ecumenical Temple
  3923 | Temple   | Became a worshipper of Cheibriados the Contemplative
  3967 | D:5      | Entered Level 5 of the Dungeon
  4029 | D:5      | Reached skill level 5 in Spellcasting
  4061 | D:5      | Reached XP level 8. HP: 11/61 MP: 5/14
  4068 | D:5      | Got a flickering iron ring
  4069 | D:5      | Identified the ring "Qex Selu" {*Drain rPois MR+ Dex+8}
                  | (You found it on level 5 of the Dungeon)
  4203 | D:5      | Found a shimmering altar of Xom.
  4336 | D:5      | Reached skill level 1 in Invocations
  4384 | D:5      | Reached skill level 1 in Armour
  4384 | D:5      | Reached skill level 6 in Necromancy
  4393 | D:5      | Shot with an arrow by a centaur

Illustrated notes

Levels and vault maps discovered:
D:1:      tarquinn_simple_flora_water_b, layout_loops_ring, st_stairs_3
D:2:      layout_rooms, xom_butterflies, minmay_stone_trees_medium,
          minmay_tree_intersection, minmay_vboxes
D:3:      layout_rooms, uniq_natasha
D:4:      kennysheep_kobold_camp, layout_cave_pools, temple_hall,
          uniq_blork_the_orc
D:5:      layout_cave_pods, lemuel_round_altar, first_ration,
          brannock_xom_greatest_gift
Temple:   hc_temple_tempest_star

Skill      XL: |  1  2  3  4  5  6  7  8 |
---------------+-------------------------+-----
Dodging        | 2 3 |  3.3
Spellcasting   | 2 3 4 5 |  5.3
Fighting       | 1 2 |  2.0
Unarmed Combat | 1 2 |  2.5
Stealth        | 3 |  3.0
Necromancy     | 5 6 |  6.0
Invocations    | 1 |  1.3
Armour         | 1 |  1.0

Action                   |  1- 3 |  4- 6 |  7- 9 || total
-------------------------+-------+-------+-------++-------
Melee: Dagger            |    52 |    44 |    10 ||   106
       Punch             |       |     1 |       ||     1
       Unarmed           |       |       |    23 ||    23
 Fire: Hunting sling     |       |    10 |       ||    10
Throw: Dart              |       |    11 |    12 ||    23
       Javelin           |       |       |     3 ||     3
 Cast: Pain              |    66 |   148 |    64 ||   278
       Animate Skeleton  |       |    17 |    13 ||    30
       Vampiric Draining |       |     2 |     7 ||     9
Evoke: Wand              |       |       |     2 ||     2
  Use: Scroll            |       |     4 |       ||     4
       Potion            |       |       |     1 ||     1
 Stab: Sleeping          |     2 |     3 |     1 ||     6
  Eat: Chunk             |    12 |    21 |    11 ||    44
Armor: Robe              |    24 |    12 |     8 ||    44
Dodge: Dodged            |    61 |    61 |    40 ||   162
